 Dungeon Crawl Stone Soup version 0.23-a0-760-g92239d2 (webtiles) character file.

197 SmSkdm the Insei (level 6, 0/41 HPs)
             Began as a Kitsune Transmuter on May 12, 2019.
             Succumbed to a worker ant's poison
             ... on level 4 of the Dungeon.
             The game lasted 00:11:36 (4217 turns).

SmSkdm the Insei (Kitsune Transmuter)               Turns: 4217, Time: 00:11:36

Health: 0/41       AC:  3    Str:  9    XL:     6   Next: 5%
Magic:  10/10      EV: 13    Int: 17    God:
Gold:   231        SH:  0    Dex: 16    Spells: 4/10 levels left

rFire    . . .     SeeInvis +     - Unarmed
rCold    . . .     Gourm    .   (no shield)
rNeg     . . .     Faith    .   b - +0 robe
rPois    .         Spirit   .   (helmet restricted)
rElec    .         Reflect  .   (no cloak)
rCorr    .         Harm     .   (no gloves)
MR       .....                  p - +0 pair of boots
Stlth    +.........             (no amulet)
HPRegen  0.13/turn              g - ring of see invisible
MPRegen  0.12/turn              (no ring)

@: lethally poisoned (0 -> -1)
A: charm monsters, no helmets, claws 1
a: Charm Monsters


You were on level 4 of the Dungeon.
You were not hungry.

You visited 2 branches of the dungeon, and saw 5 of its levels.

You collected 231 gold pieces.

Inventory:

Missiles
 a - 87 arrows
 l - 60 stones (quivered)
Armour
 b - a +0 robe (worn)
 c - a +0 chain mail
 p - a +0 pair of boots (worn)
Jewellery
 g - a ring of see invisible (left claw)
Wands
 m - a wand of scattershot (5)
Scrolls
 e - 8 scrolls of identify {unknown}
 f - 3 scrolls of teleportation {unknown}
 h - 3 scrolls of enchant weapon {unknown}
 j - 4 scrolls of remove curse {unknown}
 o - 4 scrolls of enchant armour {unknown}
 s - 2 scrolls of magic mapping {unknown}
Potions
 k - a potion of flight
Comestibles
 d - 5 rations


   Skills:
 + Level 2.7 Fighting
 + Level 2.0 Dodging
 + Level 4.1 Unarmed Combat
 + Level 2.9 Spellcasting
 + Level 2.7 Transmutations


You had 4 spell levels left.
You knew the following spells:

 Your Spells              Type           Power        Failure   Level  Hunger
a - Beastly Appendage     Tmut           ##....       5%          1    None
b - Sticks to Snakes      Tmut           ##......     9%          2    ##.....
c - Spider Form           Tmut/Pois      #.........   30%         3    ###....

Your spell library contained the following spells:

 Spells                   Type           Power        Failure   Level  Hunger
 Ice Form                 Ice/Tmut       #.......     69%         4    ####...
 Blade Hands              Tmut           ##........   83%         5    ######.


Dungeon Overview and Level Annotations

Branches:
Dungeon (4/15)             Temple (1/1) D:4

Altars:
Ashenzari
Dithmenos
Elyvilon
Fedhas
Gozag
Hepliaklqana
Kikubaaqudgha
Makhleb
Qazlal
Ru
Sif Muna
Uskayaw
Xom
Yredelemnul
Zin
The Shining One


Innate Abilities, Weirdness & Mutations

You can charm monsters.
You have fox ears (no helmets).
You have sharp fingernails.


Message History

You start resting.
You feel sick.
You start resting.
You feel sick. x5
Your transformation is almost over.
You feel sick.
You start resting.
You feel sick. x4
You feel less wooden.
Your +0 pair of boots unmelds from your body.
Your +0 robe unmelds from your body.
It was a potion of resistance.
You feel protected.
It was a potion of magic.
Magic courses through your body.
* * * LOW HITPOINT WARNING * * *
You feel sick.
It was a potion of cancellation.
Your magical effects are unravelling.
You feel magically purged.
Your resistance to elements expires.
* * * LOW HITPOINT WARNING * * *
You feel sick.
You die...

.# #†#.#
.#########
#.#.######
.........#
#.........
########.#
##...#####
#.#
#..#...#
#.#
#....#.#
#.# #.#.##
# #.# #...#
#.# #@###
#.#######.#
#.........#
#.#######.#
#.# #.# #.#
#.# #.# #.#
#.# #(# #.#
#.#


There were no monsters in sight!

Vanquished Creatures
  An orc priest (D:3)
  2 worker ants (D:4)
  3 adders
  2 oozes (D:2)
  An adder skeleton (D:4)
  2 worms
  2 dart slugs
  2 orcs (D:3)
  2 ball pythons
  8 bats
  3 giant cockroaches
  6 goblins
  4 hobgoblins
  10 jackals
  A quokka (D:4)
  6 frilled lizards
  11 kobolds
  10 rats
76 creatures vanquished.

Vanquished Creatures (collateral kills)
  A worm (D:2)
  A leopard gecko (D:2)
  A hobgoblin (D:2)
  3 bats
6 creatures vanquished.

Grand Total: 82 creatures vanquished

Notes
Turn   | Place    | Note
-------+----------+-------------------------------------------
     0 | D:1      | SmSkdm the Kitsune Transmuter began the quest for the Orb.
     0 | D:1      | Reached XP level 1. HP: 12/12 MP: 3/3
    56 | D:1      | Reached skill level 1 in Fighting
    81 | D:1      | Reached XP level 2. HP: 15/18 MP: 5/5
    82 | D:1      | Reached skill level 3 in Unarmed Combat
   612 | D:1      | Reached XP level 3. HP: 21/23 MP: 6/6
  1403 | D:2      | Reached XP level 4. HP: 21/29 MP: 7/7
  1909 | D:2      | Found a basalt altar of Yredelemnul.
  2311 | D:3      | Learned a level 2 spell: Sticks to Snakes
  2315 | D:3      | Learned a level 3 spell: Spider Form
  2368 | D:3      | Reached XP level 5. HP: 29/35 MP: 8/8
  2567 | D:3      | Found a deep blue altar of Sif Muna.
  3571 | D:4      | Found a staircase to the Ecumenical Temple.
  3582 | Temple   | Entered the Ecumenical Temple
  4044 | D:4      | Reached skill level 4 in Unarmed Combat
  4181 | D:4      | Reached XP level 6. HP: 23/41 MP: 5/10
  4204 | D:4      | HP: 3/61 [poisoned by a worker ant]
  4209 | D:4      | HP: 1/41 [poisoned by a worker ant]
  4217 | D:4      | Succumbed to a worker ant's poison

Vault maps used:
D:1:      dpeg_arrival_refuge
D:2:      marbit_many_paths
D:3:      nicolae_overflow_crystal_walls
D:4:      minmay_temple_entry_mist, kennysheep_generic_room_16, uniq_eustachio
Temple:   dpeg_chambers_temple

Skill      XL: |  1  2  3  4  5 |
---------------+----------------+-----
Fighting       | 1 2 |  2.7
Unarmed Combat | 3 4 |  4.1
Dodging        | 2 |  2.0
Spellcasting   | |  2.9
Transmutations | |  2.7

Action                   |  1- 3 |  4- 6 || total
-------------------------+-------+-------++-------
Melee: Unarmed           |   151 |   158 ||   309
       Punch             |       |     4 ||     4
Throw: Stone             |       |     1 ||     1
 Cast: Spider Form       |       |     4 ||     4
       Sticks to Snakes  |       |     3 ||     3
 Abil: Charm Monsters    |     2 |     1 ||     3
  Use: Potion            |       |     6 ||     6
 Stab: Betrayed ally     |     1 |       ||     1
       Sleeping          |       |     1 ||     1
  Eat: Chunk             |     2 |     8 ||    10
       Ration            |       |     1 ||     1
Armor: Chain mail        |   133 |    48 ||   181
       Robe              |     1 |     8 ||     9
       Skin              |       |     3 ||     3
Dodge: Dodged            |    26 |    52 ||    78

Table legend:
 A = Non-vault XP
 B = Vault XP
 C = Vault XP percentage of total XP
 D = Non-vault monster count
 E = Vault monster count
 F = Vault count percentage of total count
                 A         B        C        D         E       F
            +---------+---------+-------+---------+---------+-------
      Total |     279 |       3 |   1.1 |      80 |       2 |   2.4
            +---------+---------+-------+---------+---------+-------
        D:1 |      37 |       0 |   0.0 |      23 |       0 |   0.0
        D:2 |      92 |       1 |   1.1 |      34 |       1 |   2.9
        D:3 |      74 |       0 |   0.0 |      18 |       0 |   0.0
        D:4 |      76 |       2 |   2.6 |       5 |       1 |  16.7
            +---------+---------+-------+---------+---------+-------
